 Dungeon Crawl Stone Soup version 0.15-a0-1569-gdbe329f (webtiles) character file.

5109 Chiseanne the Hoplite (level 10, 0/82 HPs)
             Began as a Vine Stalker Fighter on June 18, 2014.
             Was an Elder of Makhleb.
             Succumbed to a killer bee's poison
             ... on Level 9 of the Dungeon.
             The game lasted 00:31:54 (7079 turns).

Chiseanne the Hoplite (Vine Stalker Fighter)        Turns: 7079, Time: 00:31:54

HP   0/82        AC 26     Str 20      XL: 10   Next: 57%
MP   4/14        EV  2     Int  8      God: Makhleb [****..]
Gold 178         SH 12     Dex 16      Spells:  0 memorised,  9 levels left

rFire  . . .     SeeInvis .     a - +0 war axe (venom)
rCold  . . .     Clarity  .     p - melded +2 plate armour
rNeg   + + +     rCorr    .     c - +0 shield
rPois  +         rRot     +     D - +0 helmet
rElec  .         Spirit   +     s - melded +2 cloak {+Inv}
SustAb .         Warding  .     q - melded +2 pair of gloves
rMut   .         NoTele   +     C - melded +0 pair of boots
Gourm  +                        i - amulet of the gourmand
MR     +....                    n - ring of positive energy
                                (no ring)

@: lethally poisoned, tree-form, somewhat resistant to hostile enchantments,
very unstealthy
A: (fangs 0), regeneration 2, magic shield, (antimagic bite), no device heal 3,
rot immunity
a: Minor Destruction, Lesser Servant of Makhleb, Major Destruction, Renounce
Religion


You were on level 9 of the Dungeon.
You worshipped Makhleb.
Makhleb was greatly pleased with you.
You were full.
You were an animated tree.
You visited 2 branches of the dungeon, and saw 10 of its levels.

You collected 339 gold pieces.
You spent 161 gold pieces at shops.

Inventory:

Hand weapons
 a - a +0 war axe of venom (weapon)
 o - a +2 dagger of venom
 u - a +0 vampiric hand axe
 z - a +0 blowgun
 H - a +0 war axe
 K - a +1 war axe
Missiles
 e - 24 sling bullets
 x - 6 tomahawks
 y - 11 javelins (quivered)
 I - 7 curare-tipped needles
Armour
 c - a +0 shield (worn)
 p - a +2 plate armour (melded)
 q - a +2 pair of gloves (melded)
 s - a +2 cloak of darkness (melded)
 C - a +0 pair of boots (melded)
 D - a +0 helmet (worn)
Magical devices
 k - a wand of disintegration (0)
 v - a wand of lightning (2)
Comestibles
 b - 12 fruits
 d - 6 bread rations
 f - 5 beef jerkies
 h - 3 slices of pizza
 r - 5 meat rations
 F - a royal jelly
Scrolls
 j - 6 scrolls of teleportation
 m - 2 scrolls of recharging
 B - 2 scrolls of fear
Jewellery
 i - an amulet of the gourmand (around neck)
 n - a ring of positive energy (right branch)
 t - an uncursed ring of fire
 J - an uncursed amulet of resist corrosion
 M - an uncursed amulet of faith {unknown}
Potions
 g - 2 potions of restore abilities
 A - a potion of berserk rage
 L - 3 potions of lignification


   Skills:
 * Level 7.1 Fighting
 - Level 1.7 Axes
 - Level 3.8 Throwing
 * Level 7.2 Armour
 - Level 3.0 Dodging
 * Level 8.7 Shields
 * Level 1.1 Invocations


You had 9 spell levels left.
You didn't know any spells.

Dungeon Overview and Level Annotations

Branches:
Dungeon (9/15)             Temple (1/1) D:7            Lair (0/8) D:8
    Orc: D:9-12

Altars:
Ashenzari
Cheibriados
Dithmenos
Elyvilon
Fedhas
Gozag
Kikubaaqudgha
Makhleb
Nemelex Xobeh
Okawaru
Qazlal
Sif Muna
Trog
Vehumet
Xom
Yredelemnul
Zin
The Shining One

Shops:
D:5 %


Innate Abilities, Weirdness & Mutations

((You have razor-sharp teeth.))*
You heal very quickly.
When hurt, damage is shared between your health and your magic reserves.
((Your bite disrupts and absorbs the magic of your enemies.))*
Potions and wands cannot restore your health.
You are immune to rotting.


Message History

You turn into an animated tree.
Your +2 cloak of darkness melds into your body.
Your +2 pair of gloves melds into your body.
Your +0 pair of boots melds into your body.
Your +2 plate armour melds into your body.
Your roots penetrate the ground.
You feel less confused.
* * * LOW HITPOINT WARNING * * *
You feel sick.
There is a lethal amount of poison in your body!
There is a lethal amount of poison in your body!
There is a lethal amount of poison in your body!
There is a lethal amount of poison in your body!
There is a lethal amount of poison in your body!
There is a lethal amount of poison in your body!
There is a lethal amount of poison in your body!
There is a lethal amount of poison in your body!
* * * LOW HITPOINT WARNING * * *
You feel sick.
You die...

#....# ###..#### #########
##'######## #........
........###.........# #........
........#.'.........# #........
.(......#.#.........#####....)...
........+.#>........'...'........
..<.....###.........#####........
........# #.........# #.)......
........# #.....♣...# #........
(.......# #.........# #........
........# #.........# #######+#
######### ########'## ..# ##.#
#.# ##..# #.# #..## #.# #.##
#'####### #####'#####


There were no monsters in sight!

Vanquished Creatures
  The ghost of Avan the Conjurer, an experienced DEWz (D:7)
  Maurice (D:8)
  Grinder (D:5)
  A queen bee (D:9)
  A hungry ghost (D:5)
  2 ice beasts
  5 ogres
  An orc warrior (D:6)
  A black bear (D:8)
  A phantom (D:7)
  A necrophage (D:7)
  3 sky beasts
  3 centaurs
  Sigmund (D:5)
  A crocodile (D:9)
  4 giant frogs
  A scorpion (D:4)
  16 killer bees
  3 hounds
  4 crimson imps
  3 orc priests
  A jelly (D:7)
  A black bear zombie (D:8)
  3 iguanas
  7 worker ants
  Natasha (thrice) (D:3)
  9 orc wizards
  An ogre skeleton (D:7)
  9 adders
  8 gnolls
  An orc zombie (D:3)
  A giant mite (D:3)
  A white imp (D:3)
  A worm (D:3)
  An adder skeleton (D:9)
  An ooze (D:6)
  29 orcs
  11 bats
  17 hobgoblins
  8 jackals
  A ball python (D:2)
  4 giant cockroaches
  4 giant geckos
  4 giant newts
  11 goblins
  A goblin skeleton (D:4)
  A jackal skeleton (D:5)
  12 kobolds
  A kobold zombie (D:7)
  An orc skeleton (D:6)
  5 quokkas
  27 rats
  5 ballistomycetes (D:8)
245 creatures vanquished.

Vanquished Creatures (others)
  A hound (D:8)
  A giant spore (D:8)
2 creatures vanquished.

Grand Total: 247 creatures vanquished

Notes
Turn   | Place    | Note
--------------------------------------------------------------
     0 | D:1      | Chiseanne, the Vine Stalker Fighter, began the quest for the Orb.
     0 | D:1      | Reached XP level 1. HP: 11/11 MP: 1/1
   175 | D:1      | Reached XP level 2. HP: 16/16 MP: 3/3
   624 | D:1      | Reached XP level 3. HP: 19/19 MP: 4/4
   926 | D:2      | Reached skill level 3 in Fighting
  1041 | D:2      | Reached XP level 4. HP: 24/24 MP: 3/5
  1098 | D:2      | Reached skill level 1 in Dodging
  1592 | D:3      | Noticed Natasha
  1609 | D:3      | Killed Natasha
  1672 | D:3      | Reached XP level 5. HP: 28/28 MP: 7/7
  1687 | D:3      | Noticed Natasha
  1694 | D:3      | Killed Natasha
  2078 | D:3      | Noticed Natasha
  2087 | D:3      | Killed Natasha
  2187 | D:4      | Gained mutation: You heal very quickly. [vine stalker growth]
  2187 | D:4      | Reached XP level 6. HP: 26/32 MP: 8/8
  2217 | D:4      | Reached skill level 4 in Armour
  2353 | D:4      | Paralysed by a potion of paralysis for 7 turns
  2355 | D:4      | Noticed Grinder
  2555 | D:4      | Noticed Sigmund
  2634 | D:4      | Paralysed by Grinder for 3 turns
  2641 | D:4      | Paralysed by Grinder for 4 turns
  2645 | D:5      | Entered Level 5 of the Dungeon
  2652 | D:5      | Killed Grinder
  2652 | D:5      | Reached skill level 1 in Throwing
  2652 | D:5      | Reached XP level 7. HP: 37/37 MP: 9/9
  2656 | D:5      | Killed Sigmund
  2689 | D:4      | Noticed an ogre
  2699 | D:4      | Killed an ogre
  2963 | D:5      | Found a burning altar of Makhleb.
  2965 | D:5      | Found an iron altar of Okawaru.
  2968 | D:5      | Found a radiant altar of Vehumet.
  2968 | D:5      | Found a shattered altar of Ashenzari.
  2969 | D:5      | Found a shimmering altar of Xom.
  3006 | D:5      | Became a worshipper of Makhleb the Destroyer
  3012 | D:5      | Reached skill level 5 in Armour
  3012 | D:5      | Gained mutation: You have razor-sharp teeth. [vine stalker growth]
  3012 | D:5      | Reached XP level 8. HP: 42/42 MP: 11/11
  3069 | D:5      | Reached skill level 5 in Shields
  3250 | D:5      | Found Fecuc's Food Shop.
  3270 | D:5      | Bought a royal jelly for 26 gold pieces
  3270 | D:5      | Bought a beef jerky for 19 gold pieces
  3270 | D:5      | Bought a beef jerky for 19 gold pieces
  3270 | D:5      | Bought a beef jerky for 19 gold pieces
  3270 | D:5      | Bought 4 fruits for 78 gold pieces
  3585 | D:5      | Found a glowing golden altar of the Shining One.
  3594 | D:5      | Noticed a hungry ghost
  3605 | D:5      | Killed a hungry ghost
  3950 | D:5      | Acquired Makhleb's first power
  4567 | D:6      | Found a snail-covered altar of Cheibriados.
  4628 | D:6      | Reached skill level 5 in Fighting
  4707 | D:6      | Reached XP level 9. HP: 38/47 MP: 12/12
  4715 | D:6      | Acquired Makhleb's second power
  4719 | D:6      | Reached skill level 6 in Shields
  5055 | D:7      | Found a staircase to the Ecumenical Temple.
  5144 | Temple   | Entered the Ecumenical Temple
  5316 | D:7      | Acquired Makhleb's third power
  5400 | D:7      | Reached skill level 7 in Shields
  5454 | D:7      | Noticed Avan's ghost (experienced DEWz)
  5482 | D:7      | Killed Avan's ghost
  5671 | D:7      | Found a burning altar of Makhleb.
  5671 | D:7      | Noticed a green death
  5726 | D:7      | Reached XP level 10. HP: 51/53 MP: 10/13
  5778 | D:8      | Noticed Maurice
  5796 | D:8      | Reached skill level 8 in Shields
  5807 | D:8      | Acquired Makhleb's fourth power
  5814 | D:8      | Killed Maurice
  5959 | D:8      | Found a staircase to the Lair.
  5960 | D:8      | Found a shadowy altar of Dithmenos.
  6071 | D:8      | Found a bloodstained altar of Trog.
  6640 | D:8      | Found a white marble altar of Elyvilon.
  7058 | D:9      | Reached skill level 1 in Invocations
  7074 | D:9      | HP: 2/55 [poisoned by a killer bee]
  7079 | D:9      | Succumbed to a killer bee's poison

Action                   |  1- 3 |  4- 6 |  7- 9 | 10-12 || total
-------------------------+-------+-------+-------+-------++-------
Melee: War axe           |    99 |   157 |   273 |   136 ||   665
Throw: Tomahawk          |       |     7 |     7 |       ||    14
       Javelin           |       |       |    12 |     1 ||    13
Evoke: Wand              |       |       |     7 |     1 ||     8
  Use: Scroll            |       |    11 |     7 |     1 ||    19
       Potion            |       |     8 |     2 |     5 ||    15
